[Event "DVM U12W 2021"]
[Site "Willingen"]
[Date "2022.08.14"]
[Round "4"]
[White "Mo, Keyou"]
[Black "Glotz, Diana"]
[Result "1/2-1/2"]
[ECO "C50"]
[WhiteElo "1264"]
[BlackElo "1116"]
[Annotator "NA RC"]
[PlyCount "53"]
[EventDate "2022.08.12"]
[EventType "team-tourn"]
[EventRounds "7"]
[EventCountry "GER"]
[SourceTitle "playchess.com"]
[Source "ChessBase"]
[SourceQuality "1"]
[TimeControl "40/5400+30:1800+30"]

1. e4 e5 2. Nf3 Nc6 3. Bc4 Bc5 4. Nc3 Nf6 5. d3 h6 6. Be3 Bb6 7. Qd2 d6 8. h3 Be6 9. Bb3 a6 10. O-O Qd7 11. Rfe1 O-O 12. d4 exd4 13. Nxd4 Bxd4 14. Bxd4 Nxd4 15. Qxd4 Bxb3 16. axb3 Rfe8 17. Rad1 Rad8 18. Nd5 Nxd5 19. Qxd5 Qb5 20. Qd2 Re7 21. Re3 Rde8 22. Rde1 f5 23. exf5 Rxe3 24. Rxe3 Rxe3 25. Qxe3 Qxf5 26. Qc3 c5 27. Qd2 1/2-1/2

[Event "DVM U12W 2021"]
[Site "Willingen"]
[Date "2022.08.14"]
[Round "4"]
[White "Eger, Nora"]
[Black "Fruth, Julia"]
[Result "0-1"]
[ECO "B10"]
[WhiteElo "1248"]
[BlackElo "1037"]
[Annotator "NA RC"]
[PlyCount "78"]
[EventDate "2022.08.12"]
[EventType "team-tourn"]
[EventRounds "7"]
[EventCountry "GER"]
[SourceTitle "playchess.com"]
[Source "ChessBase"]
[SourceQuality "1"]
[TimeControl "40/5400+30:1800+30"]

1. Nf3 Nf6 2. g3 d5 3. Bg2 c6 4. d3 Bg4 5. O-O Nbd7 6. Nbd2 e5 7. e4 Bd6 8. Qe1 O-O 9. c3 Re8 10. Nb3 h6 11. Nh4 Qe7 12. Nf5 Qe6 13. Nxd6 Qxd6 14. Nd2 Qe6 15. Nf3 Bh3 16. Bd2 Nc5 17. exd5 cxd5 18. Qe3 Bxg2 19. Kxg2 e4 20. dxe4 dxe4 21. Nd4 Qd5 22. Kg1 Qh5 23. f3 Qh3 24. Rf2 Nd3 25. Rg2 Nd5 26. Qe2 Nc5 27. b4 e3 28. bxc5 exd2 29. Qxd2 Re7 30. Re1 Rae8 31. Rxe7 Rxe7 32. Nb5 Ne3 33. Rf2 Kh7 34. Nxa7 Re5 35. c4 g6 36. Qd4 Re8 37. Qd7 Qxd7 38. Nb5 Qd1+ 39. Rf1 Qxf1# 0-1

[Event "DVM U12W 2021"]
[Site "Willingen"]
[Date "2022.08.14"]
[Round "4"]
[White "Prokscha, Charlotte"]
[Black "Gerlach, Lorena"]
[Result "1-0"]
[ECO "D32"]
[WhiteElo "1241"]
[BlackElo "1120"]
[Annotator "NA RC"]
[PlyCount "39"]
[EventDate "2022.08.12"]
[EventType "team-tourn"]
[EventRounds "7"]
[EventCountry "GER"]
[SourceTitle "playchess.com"]
[Source "ChessBase"]
[SourceQuality "1"]
[TimeControl "40/5400+30:1800+30"]

1. d4 e6 2. c4 d5 3. Nc3 c5 4. dxc5 Bxc5 5. cxd5 Qf6 6. Nf3 Bb4 7. Qa4+ Bd7 8. Qxb4 Ne7 9. Bg5 Nxd5 10. Nxd5 Nc6 11. Nxf6+ gxf6 12. Qxb7 O-O 13. Bxf6 Rac8 14. Qxd7 Nb4 15. Nd4 Nd5 16. Bh4 Rc7 17. Qd6 Rfc8 18. Qg3+ Kh8 19. e4 Nb4 20. Bf6# 1-0

[Event "DVM U12W 2021"]
[Site "Willingen"]
[Date "2022.08.14"]
[Round "4"]
[White "Hefele, Stefanie"]
[Black "Marrufo, Emilia"]
[Result "1-0"]
[ECO "C47"]
[WhiteElo "1180"]
[BlackElo "970"]
[Annotator "NA RC"]
[PlyCount "93"]
[EventDate "2022.08.12"]
[EventType "team-tourn"]
[EventRounds "7"]
[EventCountry "GER"]
[SourceTitle "playchess.com"]
[Source "ChessBase"]
[SourceQuality "1"]
[TimeControl "40/5400+30:1800+30"]

1. e4 e5 2. Nf3 Nc6 3. Nc3 Nf6 4. d4 exd4 5. Nxd4 Bc5 6. Be3 Bb6 7. Bc4 a6 8. O-O d6 9. h3 O-O 10. Nxc6 bxc6 11. Bg5 h6 12. Bh4 Rb8 13. Qf3 Bd4 14. Rab1 Be6 15. Bb3 Qe8 16. Bxf6 Bxf6 17. Qd3 Qe7 18. Qxa6 Bd7 19. Rfe1 Be5 20. Qa5 Rbc8 21. Ba4 Qg5 22. Kf1 Qf4 23. Rbd1 Qh2 24. Ke2 Qxg2 25. Rg1 Qxh3 26. Rd3 Bg4+ 27. Ke1 Qh4 28. Bxc6 Rb8 29. b3 Rbc8 30. Nd5 Rcd8 31. Qxc7 Rc8 32. Ne7+ Kh8 33. Nxc8 Rxc8 34. Qb7 Rf8 35. Bd5 Qh5 36. Qe7 Kg8 37. a4 Be2 38. Re3 Bd1 39. c4 Bf4 40. Qf6 g5 41. Qxf4 Bxb3 42. Rxb3 Qg6 43. Qg4 h5 44. Qxg5 Qxg5 45. Rxg5+ Kh8 46. Rh3 f6 47. Rhxh5# 1-0

[Event "DVM U12W 2021"]
[Site "Willingen"]
[Date "2022.08.14"]
[Round "4"]
[White "Schube, Theresa"]
[Black "Wagner, Cosima Thien-An"]
[Result "1/2-1/2"]
[ECO "C50"]
[WhiteElo "1162"]
[BlackElo "1301"]
[Annotator "NA RC"]
[PlyCount "86"]
[EventDate "2022.08.12"]
[EventType "team-tourn"]
[EventRounds "7"]
[EventCountry "GER"]
[SourceTitle "playchess.com"]
[Source "ChessBase"]
[SourceQuality "1"]
[TimeControl "40/5400+30:1800+30"]

1. e4 e5 2. Nf3 Nf6 3. Nc3 Bc5 4. Bc4 Nc6 5. d3 h6 6. h3 d6 7. Na4 Bd4 8. c3 Bb6 9. Nxb6 axb6 10. O-O Be6 11. Bb3 O-O 12. Re1 Qd7 13. Bxe6 fxe6 14. d4 exd4 15. cxd4 d5 16. exd5 exd5 17. Be3 Ne4 18. Nd2 Nxd2 19. Qxd2 Qf7 20. Re2 Na5 21. b3 Nxb3 22. Qb2 Nxa1 23. Qxa1 Ra7 24. Qc3 Rfa8 25. Qb3 Ra3 26. Qb1 Qd7 27. Bc1 R3a5 28. a3 Qb5 29. Qc2 Qc6 30. Qb1 Rb5 31. Rb2 Rxb2 32. Qxb2 Qc4 33. Be3 Ra5 34. Qb1 Rxa3 35. Bxh6 Qxd4 36. Qg6 Qf6 37. Qe8+ Qf8 38. Qe6+ Kh7 39. Bxg7 Kxg7 40. Qg4+ Kh7 41. Qh5+ Qh6 42. Qf7+ Qg7 43. Qh5+ Qh6 1/2-1/2

[Event "DVM U12W 2021"]
[Site "Willingen"]
[Date "2022.08.14"]
[Round "4"]
[White "Brandt, Clara"]
[Black "Borck, Elena"]
[Result "1-0"]
[ECO "B07"]
[WhiteElo "1161"]
[BlackElo "739"]
[Annotator "NA RC"]
[PlyCount "37"]
[EventDate "2022.08.12"]
[EventType "team-tourn"]
[EventRounds "7"]
[EventCountry "GER"]
[SourceTitle "playchess.com"]
[Source "ChessBase"]
[SourceQuality "1"]
[TimeControl "40/5400+30:1800+30"]

1. e4 d6 2. d4 Nf6 3. Nc3 g6 4. Bg5 Bg7 5. e5 dxe5 6. dxe5 Qxd1+ 7. Rxd1 Ng4 8. Nd5 Bxe5 9. Nf3 c6 10. Nxe5 cxd5 11. Bb5+ Kf8 12. Nxg4 Bxg4 13. Rxd5 Nc6 14. O-O Rd8 15. Bxc6 Rxd5 16. Bh6+ Kg8 17. Bxd5 e6 18. Bb3 f6 19. f3 1-0

[Event "DVM U12W 2021"]
[Site "Willingen"]
[Date "2022.08.14"]
[Round "4"]
[White "Christiansen, Jana-Marie"]
[Black "Leicher, Anna"]
[Result "0-1"]
[ECO "A29"]
[WhiteElo "1120"]
[BlackElo "1252"]
[Annotator "NA RC"]
[PlyCount "84"]
[EventDate "2022.08.12"]
[EventType "team-tourn"]
[EventRounds "7"]
[EventCountry "GER"]
[SourceTitle "playchess.com"]
[Source "ChessBase"]
[SourceQuality "1"]
[TimeControl "40/5400+30:1800+30"]

1. c4 e5 2. Nc3 Nf6 3. g3 d5 4. cxd5 Nxd5 5. Bg2 Be6 6. Nf3 Nc6 7. e3 Qd7 8. O-O O-O-O 9. d4 exd4 10. exd4 h5 11. a3 Be7 12. Re1 h4 13. Qe2 hxg3 14. fxg3 Bh3 15. Nxd5 Qxd5 16. Bxh3+ Rxh3 17. b4 Nxd4 18. Nxd4 Qxd4+ 19. Be3 Qd5 20. Qg4+ Qe6 21. Qxg7 Bf6 22. Bg5 Bxg7 23. Rxe6 Bxa1 24. Bxd8 fxe6 25. Bg5 Rh5 26. h4 Bb2 27. a4 Bc3 28. b5 Kd7 29. g4 Rh8 30. h5 Bg7 31. Be3 b6 32. Kf2 Kd6 33. Ke2 Kd5 34. Kd3 e5 35. Bd2 e4+ 36. Ke3 Bh6+ 37. Ke2 Bxd2 38. Kxd2 Kd4 39. Ke2 e3 40. Ke1 Kd3 41. Kd1 Rf8 42. h6 Rf1# 0-1

[Event "DVM U12W 2021"]
[Site "Willingen"]
[Date "2022.08.14"]
[Round "4"]
[White "Sayouf, Rafif"]
[Black "Müller, Ariana"]
[Result "1-0"]
[ECO "C50"]
[WhiteElo "1102"]
[BlackElo "975"]
[Annotator "NA RC"]
[PlyCount "121"]
[EventDate "2022.08.12"]
[EventType "team-tourn"]
[EventRounds "7"]
[EventCountry "GER"]
[SourceTitle "playchess.com"]
[Source "ChessBase"]
[SourceQuality "1"]
[TimeControl "40/5400+30:1800+30"]

1. e4 e5 2. Nf3 Nc6 3. Bc4 Bc5 4. Nc3 d6 5. h3 Nf6 6. d3 Qe7 7. Bg5 h6 8. Nd5 Qd8 9. Nxf6+ gxf6 10. Bh4 Be6 11. Nd2 Qe7 12. Qf3 Nd4 13. Qd1 O-O-O 14. c3 Nc6 15. Qf3 Qd7 16. Bxf6 Ne7 17. Bxh8 Rxh8 18. O-O-O d5 19. Bb3 Rg8 20. Rhg1 f6 21. g4 Rf8 22. Kb1 Kb8 23. a3 Qd6 24. Ba2 Qb6 25. b4 c6 26. Rg2 Ng6 27. Rh2 Nf4 28. d4 Bd6 29. dxe5 fxe5 30. Qe3 Bc5 31. Qxc5 Qxc5 32. bxc5 Nd3 33. Nb3 Nxf2 34. Rf1 dxe4 35. Rhxf2 Rc8 36. Rf8 e3 37. Rxc8+ Kxc8 38. Re1 Kd7 39. Rxe3 Bc4 40. Rxe5 Bd3+ 41. Kc1 b6 42. Bb1 Bc4 43. Nd2 Bb5 44. Bf5+ Kc7 45. Re7+ Kd8 46. Rxa7 bxc5 47. a4 Be2 48. a5 Ke8 49. a6 Kd8 50. Ra8+ Kc7 51. Rc8+ Kb6 52. a7 Kxa7 53. Rxc6 Bf1 54. Nxf1 h5 55. g5 h4 56. g6 c4 57. g7 Kb7 58. Rh6 Kc7 59. g8=R Kb7 60. Rg7+ Kb8 61. Rh8# 1-0

[Event "DVM U12W 2021"]
[Site "Willingen"]
[Date "2022.08.14"]
[Round "4"]
[White "Kremling, Alamea"]
[Black "Einacker, Lina"]
[Result "0-1"]
[ECO "D02"]
[WhiteElo "1077"]
[BlackElo "1010"]
[Annotator "NA RC"]
[PlyCount "92"]
[EventDate "2022.08.12"]
[EventType "team-tourn"]
[EventRounds "7"]
[EventCountry "GER"]
[SourceTitle "playchess.com"]
[Source "ChessBase"]
[SourceQuality "1"]
[TimeControl "40/5400+30:1800+30"]

1. d4 d5 2. Bf4 Nf6 3. e3 e6 4. Nd2 Be7 5. Ngf3 Nh5 6. Bg3 Nxg3 7. hxg3 c5 8. c3 c4 9. Ne5 f6 10. Nef3 Nd7 11. e4 b5 12. e5 fxe5 13. dxe5 Qc7 14. Qe2 O-O 15. b3 cxb3 16. Qd3 h6 17. axb3 Nxe5 18. Nxe5 Qxe5+ 19. Be2 b4 20. Rc1 Qf5 21. Qxf5 Rxf5 22. g4 Re5 23. Rh3 bxc3 24. Rhxc3 Ba6 25. Re3 Rxe3 26. fxe3 Rc8 27. Ra1 Bxe2 28. Kxe2 Rc7 29. Ra6 e5 30. Re6 Bf6 31. Rd6 d4 32. exd4 exd4 33. Nf3 Rb7 34. Nd2 Bg5 35. Rxd4 Bxd2 36. Rd8+ Kh7 37. Kxd2 Rxb3 38. Ra8 Ra3 39. Ke2 Kg6 40. Kf2 Kf6 41. g3 Kg5 42. Rg8 g6 43. Rf8 Kxg4 44. Rf4+ Kg5 45. Kg2 a5 46. Kh3 h5 0-1

[Event "DVM U12W 2021"]
[Site "Willingen"]
[Date "2022.08.14"]
[Round "4"]
[White "Fomenkova, Elina"]
[Black "Peglau, Lorena"]
[Result "0-1"]
[ECO "D04"]
[WhiteElo "1049"]
[BlackElo "1207"]
[Annotator "NA RC"]
[PlyCount "102"]
[EventDate "2022.08.12"]
[EventType "team-tourn"]
[EventRounds "7"]
[EventCountry "GER"]
[SourceTitle "playchess.com"]
[Source "ChessBase"]
[SourceQuality "1"]
[TimeControl "40/5400+30:1800+30"]

1. d4 c6 2. Nf3 d5 3. e3 Nf6 4. Bd3 Bg4 5. b3 e6 6. Bb2 c5 7. O-O Nc6 8. a3 Be7 9. Nbd2 O-O 10. Qe1 Qb6 11. h3 Bh5 12. Qb1 a5 13. c4 Bxf3 14. gxf3 a4 15. Qc2 axb3 16. Nxb3 cxd4 17. exd4 dxc4 18. Bxc4 Rfd8 19. f4 Bd6 20. d5 Nxd5 21. Bxd5 exd5 22. Qc3 Bf8 23. a4 Qb4 24. Qg3 d4 25. Ba3 Qc3 26. Qxc3 dxc3 27. Bxf8 Kxf8 28. Rfc1 Rd3 29. Kg2 b6 30. h4 Nb4 31. a5 bxa5 32. Nxa5 c2 33. Nb7 Rxa1 34. Rxa1 Rd1 35. Ra8+ Ke7 36. Nc5 c1=Q 37. Ra7+ Kd6 38. Nb7+ Ke6 39. f5+ Kxf5 40. Ra5+ Kg6 41. h5+ Kh6 42. Rc5 Rg1+ 43. Kf3 Qd1+ 44. Ke4 Qd3+ 45. Kf4 Nd5+ 46. Ke5 Re1+ 47. Kd6 Re6+ 48. Kd7 Nb6+ 49. Kc7 Qd7+ 50. Kb8 Qe8+ 51. Ka7 Qa8# 0-1

[Event "DVM U12W 2021"]
[Site "Willingen"]
[Date "2022.08.14"]
[Round "4"]
[White "Striebeck, Liv"]
[Black "Goeb, Franziska"]
[Result "0-1"]
[ECO "C50"]
[WhiteElo "1003"]
[BlackElo "1285"]
[Annotator "NA RC"]
[PlyCount "92"]
[EventDate "2022.08.12"]
[EventType "team-tourn"]
[EventRounds "7"]
[EventCountry "GER"]
[SourceTitle "playchess.com"]
[Source "ChessBase"]
[SourceQuality "1"]
[TimeControl "40/5400+30:1800+30"]

1. e4 e5 2. Nf3 Nc6 3. Nc3 Nf6 4. Bc4 Bc5 5. d3 h6 6. O-O O-O 7. Nxe5 Nxe5 8. b3 Nxc4 9. bxc4 d6 10. d4 Bb6 11. Re1 Bg4 12. f3 Bh5 13. Be3 Qd7 14. Rb1 Ba5 15. Bd2 b6 16. h3 Rfe8 17. g4 Bg6 18. Kf1 h5 19. Kg1 hxg4 20. hxg4 Bxc3 21. Bxc3 Qe7 22. e5 dxe5 23. dxe5 Nd7 24. f4 Rad8 25. Qe2 Qc5+ 26. Kf1 Qc6 27. Rbc1 Qh1+ 28. Kf2 Qh2+ 29. Kf1 Qxf4+ 30. Qf2 Qxc4+ 31. Re2 Qxc3 32. Qh4 Bd3 33. Kf2 Bxe2 34. Rh1 Qd4+ 35. Kg3 Qe3+ 36. Kg2 Bf3+ 37. Kh2 Bxh1 38. Kxh1 Qh6 39. Qxh6 gxh6 40. Kh2 Rxe5 41. Kg3 Nc5 42. Kf4 Rg5 43. c3 Ne6+ 44. Ke4 Rxg4+ 45. Kf5 Rf4+ 46. Ke5 Rd3 0-1

[Event "DVM U12W 2021"]
[Site "Willingen"]
[Date "2022.08.14"]
[Round "4"]
[White "Shynkar, Darya"]
[Black "Berger, Jennifer"]
[Result "1-0"]
[ECO "D06"]
[WhiteElo "1001"]
[BlackElo "1050"]
[Annotator "NA RC"]
[PlyCount "52"]
[EventDate "2022.08.12"]
[EventType "team-tourn"]
[EventRounds "7"]
[EventCountry "GER"]
[SourceTitle "playchess.com"]
[Source "ChessBase"]
[SourceQuality "1"]
[TimeControl "40/5400+30:1800+30"]

1. d4 d5 2. c4 e6 3. Nc3 Nf6 4. cxd5 Nxd5 5. e4 Nb6 6. Nf3 Nc6 7. Bb5 Bd7 8. O-O Be7 9. Re1 O-O 10. a3 a6 11. Bd3 Na7 12. Bf4 c5 13. dxc5 Bxc5 14. Rc1 Rc8 15. b4 Be7 16. Be3 Nc6 17. Qc2 e5 18. Red1 Qc7 19. Qb2 Bg4 20. Be2 Rcd8 21. Nd5 Qd6 22. Nxb6 Qg6 23. Nd5 Na7 24. Nxe7+ Kh8 25. Nxg6+ fxg6 26. Rxd8 Re8 1-0

[Event "DVM U12W 2021"]
[Site "Willingen"]
[Date "2022.08.14"]
[Round "4"]
[White "Yan, Jenny"]
[Black "Hovhannisyan, Sofia"]
[Result "0-1"]
[ECO "D11"]
[WhiteElo "984"]
[BlackElo "935"]
[Annotator "NA RC"]
[PlyCount "62"]
[EventDate "2022.08.12"]
[EventType "team-tourn"]
[EventRounds "7"]
[EventCountry "GER"]
[SourceTitle "playchess.com"]
[Source "ChessBase"]
[SourceQuality "1"]
[TimeControl "40/5400+30:1800+30"]

1. c4 c6 2. Nf3 d5 3. d4 Nf6 4. Nc3 Bg4 5. e3 e6 6. Be2 Nbd7 7. b3 Bb4 8. Bb2 O-O 9. O-O c5 10. h3 Bh5 11. cxd5 exd5 12. Ne5 Bxe2 13. Qxe2 b6 14. Nxd7 Qxd7 15. a3 Bxc3 16. Bxc3 Rac8 17. dxc5 Ne4 18. Bb2 bxc5 19. Qd1 Rfd8 20. b4 Qb5 21. Rb1 Rc6 22. bxc5 Qxc5 23. Rc1 Qb6 24. Rxc6 Qxc6 25. Qd4 Qg6 26. Qxa7 h6 27. Qa5 Rd6 28. Rd1 Qg5 29. Bc1 Rg6 30. g4 Qh4 31. Qe1 Qxh3 0-1

[Event "DVM U12W 2021"]
[Site "Willingen"]
[Date "2022.08.14"]
[Round "4"]
[White "Cao, Weiqi"]
[Black "Piffczyk, Sandra"]
[Result "1-0"]
[ECO "D02"]
[WhiteElo "969"]
[BlackElo "704"]
[Annotator "NA RC"]
[PlyCount "109"]
[EventDate "2022.08.12"]
[EventType "team-tourn"]
[EventRounds "7"]
[EventCountry "GER"]
[SourceTitle "playchess.com"]
[Source "ChessBase"]
[SourceQuality "1"]
[TimeControl "40/5400+30:1800+30"]

1. d4 d5 2. Nf3 Nf6 3. g3 Nc6 4. Bg2 Bg4 5. O-O e6 6. c4 Bb4 7. Nc3 O-O 8. a3 Bxc3 9. bxc3 Bxf3 10. Bxf3 e5 11. cxd5 Nxd5 12. Bb2 Qd6 13. dxe5 Nxe5 14. Bxd5 c6 15. Be4 Qh6 16. Bc1 Qh5 17. Rb1 Rab8 18. Bf4 Ng4 19. h4 Rbd8 20. Qa4 Qc5 21. Bf3 Nf6 22. Rxb7 Qxc3 23. Rc1 Qd4 24. Qxd4 Rxd4 25. Be3 Ra4 26. Rxa7 Rxa7 27. Bxa7 Ra8 28. Bd4 Rxa3 29. Bxc6 h6 30. Rb1 Ra2 31. Bb5 Rd2 32. Bd3 Kh8 33. Ra1 Ng8 34. Bc3 Rxd3 35. exd3 Nf6 36. Bxf6 gxf6 37. Ra8+ Kg7 38. h5 f5 39. d4 Kf6 40. d5 Ke7 41. Ra1 Kd6 42. Ra6+ Kxd5 43. Rxh6 Ke5 44. Rh8 Kf6 45. Rg8 Ke6 46. h6 f6 47. h7 Ke5 48. h8=R Ke6 49. Ra8 Kf7 50. Ra7+ Kg6 51. Rg8+ Kh6 52. Rag7 f4 53. gxf4 f5 54. Kf1 Kh5 55. Rh8# 1-0

[Event "DVM U12W 2021"]
[Site "Willingen"]
[Date "2022.08.14"]
[Round "4"]
[White "Marrufo, Adriana"]
[Black "Greive, Greta"]
[Result "1-0"]
[ECO "C50"]
[WhiteElo "942"]
[BlackElo "1136"]
[Annotator "NA RC"]
[PlyCount "51"]
[EventDate "2022.08.12"]
[EventType "team-tourn"]
[EventRounds "7"]
[EventCountry "GER"]
[SourceTitle "playchess.com"]
[Source "ChessBase"]
[SourceQuality "1"]
[TimeControl "40/5400+30:1800+30"]

1. e4 e5 2. Nf3 Nc6 3. Bc4 Bc5 4. Nc3 Nf6 5. d3 h6 6. Be3 d6 7. h3 O-O 8. g4 Re8 9. g5 hxg5 10. Bxg5 Be6 11. Bb3 Rc8 12. Qd2 Kf8 13. h4 Ke7 14. h5 Kd7 15. h6 gxh6 16. Rxh6 Rh8 17. Bxf6 Qf8 18. Rxh8 Qxh8 19. Bxh8 Rxh8 20. O-O-O Bg4 21. Qg5 d5 22. Qxg4+ Ke7 23. Nxd5+ Kf8 24. Qf5 Bxf2 25. Nxc7 Ne7 26. Qxf7# 1-0

[Event "DVM U12W 2021"]
[Site "Willingen"]
[Date "2022.08.14"]
[Round "4"]
[White "Doberchak, Emily Alice"]
[Black "Henzel, Leonie"]
[Result "0-1"]
[ECO "C01"]
[WhiteElo "928"]
[BlackElo "1134"]
[Annotator "NA RC"]
[PlyCount "40"]
[EventDate "2022.08.12"]
[EventType "team-tourn"]
[EventRounds "7"]
[EventCountry "GER"]
[SourceTitle "playchess.com"]
[Source "ChessBase"]
[SourceQuality "1"]
[TimeControl "40/5400+30:1800+30"]

1. e4 e6 2. d4 d5 3. exd5 exd5 4. Nf3 Bd6 5. Nc3 Nf6 6. Bg5 O-O 7. Qd2 h6 8. Bxf6 Qxf6 9. O-O-O Bf4 10. Nxd5 Bxd2+ 11. Rxd2 Qd6 12. Ne3 Nc6 13. Nf5 Bxf5 14. d5 Nb4 15. a3 Nxd5 16. c4 Qc5 17. Ne5 Nf6 18. Nf3 Rad8 19. Re2 Qxc4+ 20. Rc2 Qxc2# 0-1

[Event "DVM U12W 2021"]
[Site "Willingen"]
[Date "2022.08.14"]
[Round "4"]
[White "Mauhs, Helena"]
[Black "Engeln, Helene"]
[Result "1-0"]
[ECO "C50"]
[WhiteElo "857"]
[BlackElo "956"]
[Annotator "NA RC"]
[PlyCount "41"]
[EventDate "2022.08.12"]
[EventType "team-tourn"]
[EventRounds "7"]
[EventCountry "GER"]
[SourceTitle "playchess.com"]
[Source "ChessBase"]
[SourceQuality "1"]
[TimeControl "40/5400+30:1800+30"]

1. e4 e5 2. Nf3 Nc6 3. Bc4 Nf6 4. Nc3 Bc5 5. O-O d6 6. d3 Bg4 7. Be3 Nd4 8. Bxd4 exd4 9. Nd5 c6 10. Nxf6+ Qxf6 11. c3 Qg6 12. cxd4 Bxd4 13. h3 Bxh3 14. Nh4 Qg5 15. Qf3 Qxh4 16. Qxf7+ Kd8 17. gxh3 Qg5+ 18. Kh1 Qh6 19. Be6 Qxe6 20. Qxe6 Re8 21. Qxd6+ 1-0

[Event "DVM U12W 2021"]
[Site "Willingen"]
[Date "2022.08.14"]
[Round "4"]
[White "Guliyeva, Zahra"]
[Black "Grey, Paula"]
[Result "1-0"]
[ECO "C50"]
[WhiteElo "834"]
[BlackElo "854"]
[Annotator "NA RC"]
[PlyCount "65"]
[EventDate "2022.08.12"]
[EventType "team-tourn"]
[EventRounds "7"]
[EventCountry "GER"]
[SourceTitle "playchess.com"]
[Source "ChessBase"]
[SourceQuality "1"]
[TimeControl "40/5400+30:1800+30"]

1. e4 e5 2. Nf3 Nc6 3. Bc4 Bc5 4. O-O Nf6 5. Nc3 O-O 6. d3 d6 7. h3 Re8 8. Bg5 h6 9. Bh4 Nd4 10. Nd5 Be6 11. Nxf6+ gxf6 12. Bxe6 Nxe6 13. Qd2 Kh7 14. Qe2 Nf4 15. Qe1 Rg8 16. g3 Nxh3+ 17. Kg2 Nf4+ 18. Kh2 Ng6 19. Qe2 Nxh4 20. Nxh4 Qd7 21. Qh5 Rg5 22. Qf3 Qe6 23. Nf5 Rd8 24. Qg2 Rh5+ 25. Kg1 Rg8 26. g4 Rhg5 27. Qh3 h5 28. Kg2 Rxg4+ 29. Kf3 Rf4+ 30. Ke2 Kg6 31. Rg1+ Rg4 32. Rxg4+ hxg4 33. Qh6# 1-0

[Event "DVM U12W 2021"]
[Site "Willingen"]
[Date "2022.08.14"]
[Round "4"]
[White "Limmer, Maria"]
[Black "Ramien, Eva"]
[Result "0-1"]
[ECO "C45"]
[WhiteElo "767"]
[BlackElo "929"]
[Annotator "NA RC"]
[PlyCount "110"]
[EventDate "2022.08.12"]
[EventType "team-tourn"]
[EventRounds "7"]
[EventCountry "GER"]
[SourceTitle "playchess.com"]
[Source "ChessBase"]
[SourceQuality "1"]
[TimeControl "40/5400+30:1800+30"]

1. e4 e5 2. Nf3 Nc6 3. d4 exd4 4. Nxd4 Bc5 5. Be3 Qf6 6. c3 Nxd4 7. Bxd4 Bxd4 8. cxd4 Nh6 9. Nc3 d6 10. Be2 O-O 11. O-O Qg6 12. Bf3 Bd7 13. Re1 Qg5 14. Nd5 Qd8 15. Rc1 c6 16. Nc3 Qb6 17. Na4 Qa5 18. h3 Qg5 19. Nc3 Bxh3 20. a3 Bg4 21. Bxg4 Nxg4 22. f3 Nh6 23. Ne2 Qe3+ 24. Kf1 Qg5 25. Nc3 Qh4 26. Kg1 Qe7 27. Kf2 Rad8 28. Rh1 Qf6 29. a4 Ng4+ 30. Ke2 Nh6 31. Qg1 Rfe8 32. Qf2 Qe6 33. Qh4 Qc4+ 34. Kd1 Qxd4+ 35. Ke1 Qb6 36. Rh3 Qxb2 37. Ne2 Qb4+ 38. Kd1 Qxa4+ 39. Rc2 b5 40. Qg5 f6 41. Qf4 b4 42. Kc1 Qa1+ 43. Kd2 b3 44. Rc1 Qa2+ 45. Ke1 b2 46. Nc3 Qa3 47. Qd2 Rb8 48. Rh1 Re7 49. Ke2 Reb7 50. Rb1 a5 51. Qe1 Rb3 52. Nd1 a4 53. Rf1 Qc5 54. Qd2 Qb5+ 55. Kf2 a3 0-1

[Event "DVM U12W 2021"]
[Site "Willingen"]
[Date "2022.08.15"]
[Round "5"]
[White "Wagner, Cosima Thien-An"]
[Black "Müller, Cosima"]
[Result "1/2-1/2"]
[ECO "B78"]
[WhiteElo "1301"]
[BlackElo "1355"]
[Annotator "NA RC"]
[PlyCount "103"]
[EventDate "2022.08.12"]
[EventType "team-tourn"]
[EventRounds "7"]
[EventCountry "GER"]
[SourceTitle "playchess.com"]
[Source "ChessBase"]
[SourceQuality "1"]
[TimeControl "40/5400+30:1800+30"]

1. e4 c5 2. Nf3 Nc6 3. d4 cxd4 4. Nxd4 g6 5. Nc3 Bg7 6. Be3 Nf6 7. Bc4 O-O 8. Bb3 d6 9. f3 Bd7 10. Qd2 Rc8 11. O-O-O Ne5 12. h4 h5 13. Kb1 Nc4 14. Bxc4 Rxc4 15. Nde2 Qc7 16. b3 Rc6 17. Nb5 Qd8 18. Bh6 Ra6 19. Bxg7 Kxg7 20. Nbc3 Qa5 21. Kb2 b5 22. Ra1 Rc8 23. Rhd1 Rac6 24. a3 Qb6 25. Qd4 Qc7 26. Rd2 e5 27. Qd3 Rb6 28. Nd5 Nxd5 29. Qxd5 Be6 30. Qd3 b4 31. axb4 Rxb4 32. Qxd6 Rb7 33. Qxc7 Rbxc7 34. Rc1 a5 35. Rd3 a4 36. bxa4 Bc4 37. Re3 Rb7+ 38. Ka3 Bxe2 39. Rxe2 Rc3+ 40. Ka2 Rc4 41. Re3 Rxa4+ 42. Ra3 Rd4 43. Rb3 Rc7 44. c3 Ra7+ 45. Kb2 Rd2+ 46. Rc2 Ra2+ 47. Kxa2 Rxc2+ 48. Kb1 Rxg2 49. c4 Rd2 50. c5 Rd8 51. c6 Rc8 52. Rc3 1/2-1/2

[Event "DVM U12W 2021"]
[Site "Willingen"]
[Date "2022.08.15"]
[Round "5"]
[White "Goeb, Franziska"]
[Black "Ramakrishnan, Veda"]
[Result "0-1"]
[ECO "B11"]
[WhiteElo "1285"]
[BlackElo "1333"]
[Annotator "NA RC"]
[PlyCount "84"]
[EventDate "2022.08.12"]
[EventType "team-tourn"]
[EventRounds "7"]
[EventCountry "GER"]
[SourceTitle "playchess.com"]
[Source "ChessBase"]
[SourceQuality "1"]
[TimeControl "40/5400+30:1800+30"]

1. e4 c6 2. Nf3 d5 3. Nc3 Bg4 4. h3 Bh5 5. g4 Bg6 6. exd5 cxd5 7. Bb5+ Nc6 8. Ne5 Qd6 9. Nxg6 hxg6 10. d4 e6 11. Be3 Nf6 12. Qe2 Qc7 13. a3 Bd6 14. O-O-O O-O-O 15. Qf3 a6 16. Ba4 Na5 17. Bd2 Nc4 18. Bb3 Nxd2 19. Rxd2 Bf4 20. Rhd1 Bxd2+ 21. Rxd2 Qh2 22. Rd3 Rh7 23. g5 Qg1+ 24. Rd1 Qxg5+ 25. Kb1 Rdh8 26. Na4 Rxh3 27. Qe2 Rh1 28. Rxh1 Rxh1+ 29. Ka2 Qc1 30. Bxd5 Nxd5 31. Qc4+ Kd7 32. Qc5 Qf4 33. Nb6+ Nxb6 34. Qxb6 Qc7 35. Qb4 Qc6 36. d5 Qxd5+ 37. b3 Rd1 38. Qa4+ Qb5 39. Qf4 Qf5 40. Qc4 Qf6 41. Qa4+ b5 42. Qxa6 Qa1# 0-1

[Event "DVM U12W 2021"]
[Site "Willingen"]
[Date "2022.08.15"]
[Round "5"]
[White "Leicher, Anna"]
[Black "Brandt, Clara"]
[Result "1/2-1/2"]
[ECO "C42"]
[WhiteElo "1252"]
[BlackElo "1161"]
[Annotator "NA RC"]
[PlyCount "83"]
[EventDate "2022.08.12"]
[EventType "team-tourn"]
[EventRounds "7"]
[EventCountry "GER"]
[SourceTitle "playchess.com"]
[Source "ChessBase"]
[SourceQuality "1"]
[TimeControl "40/5400+30:1800+30"]

1. e4 e6 2. d4 d5 3. exd5 exd5 4. Nf3 Nc6 5. Bd3 Bd6 6. O-O Nf6 7. Re1+ Be7 8. h3 O-O 9. c4 dxc4 10. Bxc4 Na5 11. Bd3 c5 12. dxc5 Bxc5 13. Qc2 Qb6 14. Ng5 g6 15. Nc3 Bd7 16. Nce4 Bd4 17. Nxf6+ Bxf6 18. Ne4 Bg7 19. Be3 Qc6 20. Qd2 Nc4 21. Bxc4 Qxc4 22. Bh6 Bf5 23. Nd6 Qc2 24. Nxf5 Qxf5 25. Bxg7 Kxg7 26. Re7 b6 27. Qc3+ Qf6 28. Qa3 a5 29. Rae1 Rfc8 30. Qb3 Rc6 31. Qd5 Rac8 32. Qb3 Rc2 33. R7e2 Rxe2 34. Rxe2 Rc1+ 35. Kh2 Qd6+ 36. Qg3 Qxg3+ 37. Kxg3 Rc7 38. Rd2 Rb7 39. Kf3 Kh6 40. Rd6 Kg5 41. Kg3 Kf5 42. Rd4 1/2-1/2